 Dungeon Crawl Stone Soup version 0.31-a0-816-gd61d57ddb1 (webtiles) character file.

Game seed: 9448161650273734226

18 GabrielManson the Ruffian (level 2, 0/15 HPs)
             Began as a Naga Shapeshifter on Sept 22, 2023.
             Slain by a jackal (1 damage)
             ... on level 1 of the Dungeon.
             The game lasted 00:02:38 (653 turns).

GabrielManson the Ruffian (Naga Shapeshifter)        Turns: 653, Time: 00:02:39

Health: 0/15       AC:  1    Str: 16    XL:     2   Next: 70%
Magic:  2/2        EV: 10    Int: 10    God:
Gold:   34         SH:  0    Dex: 10    Spells: 1/1 levels left

rFire   . .          .
                       - Unarmed
rCold   . . .        (shield currently unavailable)
rNeg    . . .        a - +0 animal skin
rPois   +            (no helmet)
rElec   .            (no cloak)
rCorr   .            (no gloves)
SInv    +            (no barding)
Will    .....        (no amulet)
Stlth   +            (no ring)
HPRegen 0.22/turn    (no ring)
MPRegen 0.08/turn

%: no passive effects
@: flux-form, glowing, very slow
A: glow, contaminating, reduced hp, AC +0, large, see invisible, deformed body,
poison resistance, slowness 2, spit poison 1, naga tail 1
a: Spit Poison, Begin Untransformation


You were on level 1 of the Dungeon.
You were something dangerously unstable.
You visited 1 branch of the dungeon, and saw 1 of its levels.

You collected 34 gold pieces.

Inventory:

Armour
 a - a +0 animal skin (worn)
Talismans
 c - a beast talisman
 d - a flux talisman (active)
Scrolls
 e - a scroll of blinking {unknown}
 h - a scroll of vulnerability {unknown}
Potions
 b - a potion of lignification
 f - a potion of attraction {unknown}
 g - 2 potions of mutation {unknown}


   Skills:
 + Level 1.4 Fighting
 + Level 1.8 Dodging
 + Level 3.2 Unarmed Combat
 + Level 3.2 Shapeshifting


You had one spell level left.
You didn't know any spells.
Your spell library was empty.

Dungeon Overview and Level Annotations

Branches:
Dungeon (1/15)

Altars:


Innate Abilities, Weirdness & Mutations

You are something dangerously unstable.
You glow with magical radiation, making you easy to see and hit.
Foes you strike become dangerously contaminated with magical radiation.
Your maximum health is decreased, since you lack skill for your form.
You are incapable of wielding weapons or throwing items.
Your serpentine skin is tough. (AC +0)
You have supernaturally acute eyesight. (SInv)
Armour fits poorly on your strangely shaped body.
Your system is resistant to poisons. (rPois)
You cover ground very slowly.
You can spit poison.
You have a snake-like lower body.


Message History

The jackal barely misses you. x2
The jackal barks!
You hit the jackal.
The jackal begins to glow.
The jackal is lightly wounded.
The jackal bites you.
You barely miss the jackal. The jackal closely misses you.
You hit the jackal.
The jackal begins to glow.
The jackal is heavily wounded.
The jackal misses you. The jackal barely misses you.
You hit the jackal.
The jackal glows dangerously bright.
The jackal is severely wounded.
The jackal stops glowing.
The jackal bites you.
You hit the jackal.
You kill the jackal!
You hit the jackal but do no damage.
The jackal begins to glow.
The jackal closely misses you. The jackal bites you.
You completely miss the jackal. The jackal bites you.
You hit the jackal.
The jackal glows dangerously bright.
The jackal is moderately wounded.
The jackal barely misses you.
You closely miss the jackal.
The jackal is moderately wounded.
The jackal barely misses you. The jackal bites you.
You are too injured to fight recklessly!
You are too injured to fight recklessly!
You are too injured to fight recklessly!
You barely miss the jackal.
The jackal is moderately wounded.
The jackal barely misses you.
You hit the jackal.
You kill the jackal!
The jackal bites you.
You closely miss the jackal. The jackal bites you.
* * * LOW HITPOINT WARNING * * *
You barely miss the jackal. The jackal bites you.
* * * LOW HITPOINT WARNING * * *
You hit the jackal.
The jackal begins to glow.
The jackal is moderately wounded.
The jackal bites you.
You die...

#.# #. #.# #. #.#
#. #.# #. #.# #.
. #.# #. #..####
#.# #>
#......######.###
#. #rhp.....[.#
#. #.###.####.#
##. #. #.# #.#
###.. #. #.# #.#
#...# .. #.# #.#
#.### ## #.# #.#
#.# # #.# #.#
##.###
#.####.####.#.##
#..........###.#


You could see a jackal (contam) and a rat.

Vanquished Creatures
  2 dart slugs (D:1)
  2 endoplasms (D:1)
  A giant cockroach (D:1)
  2 hobgoblins (D:1)
  2 jackals (D:1)
  A kobold (D:1)
  A quokka (D:1)
  A ball python (D:1)
12 creatures vanquished.

Notes
Turn   | Place    | Note
-------+----------+-------------------------------------------
     0 | D:1      | GabrielManson the Naga Shapeshifter began the quest for the
                  | Orb.
     0 | D:1      | Reached XP level 1. HP: 18/18 MP: 1/1
   215 | D:1      | Reached XP level 2. HP: 23/25 MP: 2/2
   653 | D:1      | Slain by a jackal

Illustrated notes

Levels and vault maps discovered:
D:1:      lightli_arrival_lavapool, layout_loops_ring, serial_bayou_pond_e,
          grunt_decor_mini_mirrors

Action                     || total
---------------------------++-------
  Melee: Unarmed           ||    50
         Punch             ||     1
 Armour: Animal skin       ||    27
  Dodge: Dodged            ||    21
         Form:             ||     1
         Beast             ||     1
         Flux              ||     1

Table legend: (Time is in decaauts)
 A = Elapsed time spent in this place.
 B = Non-inter-level travel time spent in this place.
 C = Inter-level travel time spent in this place.
 D = Time resting spent in this place.
 E = Time spent auto-exploring this place.
 F = Levels seen in this place.
 G = Mean time per level.
                   A        B        C        D        E       F      G
               +--------+--------+--------+--------+--------+-----+--------+
         Total |    825 |    825 |      0 |      0 |    691 |   1 |  825.0 |
       Dungeon |    825 |    825 |      0 |      0 |    691 |   1 |  825.0 |
               +--------+--------+--------+--------+--------+-----+--------+

Top non-repeatable levels by time:
     D:1: 825 daAuts
